AoeStats
← Folothommalannalkaani

Arabia

509351334Analyzed
1v1 RM · 6d ago on Sep 26, 2026· 43m 17s· 2 players
Game mode
Random Map
Map size
Tiny (2 player)
Population
200
Speed
Normal
Resources
Standard
Victory
Conquest
Starting age
Dark Age
Ending age
Imperial Age
RankedLock teamsTeams togetherTeam positionsShared explorationLock speedFull tech treeHidden civsTurbo modeCheats
Victory
Defeat
🇫🇮 Poles · Finland
877
+16
🇩🇪 Persians · Germany
871
-16
Gustav456
7:27 Loom
9:54 Feudal Age
10:50 Double-Bit Axe
13:48 Fletching
23:58 Wheelbarrow
27:32 Castle Age
28:07 Scale Mail Armor
33:38 Stone Mining
34:35 Town Watch
Folothommalannalkaani
10:08 Feudal Age
12:30 Horse Collar
19:40 Double-Bit Axe
24:02 Castle Age
23:05 Bloodlines
24:54 Heavy Plow
25:05 Bow Saw
24:45 Light Cavalry
26:27 Forging
26:29 Husbandry
29:09 Iron Casting
32:17 Scale Barding Armor
33:22 Szlachta Privileges
34:45 Stone Mining
34:45 Gold Mining
36:09 Stone Shaft Mining
36:14 Chain Barding Armor
35:49 Fletching
36:48 Gold Mining
37:44 Wheelbarrow
38:07 Ballistics
37:50 Bodkin Arrow
37:23 Pikeman
38:03 Squires
39:58 Thumb Ring
42:41 Imperial Age
40:13 Padded Archer Armor
41:15 Loom
42:55 Hand Cart
42:28 Town Watch
43:01 Hand Cart
43:26 Leather Archer Armor
Connection lost

Rejoining the realm…

Still unreachable

The connection could not be restored.

Session expired

The server has moved on; the page needs a fresh start.